 Dungeon Crawl Stone Soup version 0.31-a0-151-ge443d1f16c (webtiles) character file.

Game seed: 9213930590304376478

240 qw the Shooter (level 5, -4/47 HPs)
             Began as a Minotaur Hunter on June 8, 2023.
             Succumbed to a water moccasin's poison
             ... on level 4 of the Dungeon.
             The game lasted 00:01:24 (3202 turns).

qw the Shooter (Minotaur Hunter)                    Turns: 3202, Time: 00:01:24

Health: -4/47      AC:  6    Str: 15    XL:     5   Next: 80%
Magic:  4/4        EV: 11    Int:  6    God:
Gold:   215        SH:  0    Dex: 16    Spells: 4/4 levels left

rFire   . . .        Y - +2 shortbow
rCold   + . .        (shield currently unavailable)
rNeg    . . .        b - +0 ring mail
rPois   .            (helmet restricted)
rElec   .            (no cloak)
rCorr   .            d - +0 pair of gloves
SInv    .            (no boots)
Will    .....        (no amulet)
Stlth   +            e - ring of protection from cold
HPRegen 0.27/turn    (no ring)
MPRegen 0.09/turn

%: no passive effects
@: lethally poisoned (-4 -> -44)
A: horns 2, retaliatory headbutt
a: no special abilities


You were on level 4 of the Dungeon.
You visited 1 branch of the dungeon, and saw 5 of its levels.

You collected 215 gold pieces.


Innate Abilities, Weirdness & Mutations

You have a pair of horns on your head.
You reflexively headbutt those who attack you in melee.


   Skills:
 - Level 4.3 Fighting
 + Level 6.9 Ranged Weapons
 - Level 1.0 Armour
 - Level 2.1 Dodging
 - Level 0.7 Stealth


You had 4 spell levels left.
You didn't know any spells.
Your spell library was empty.

Inventory:

Hand Weapons
 Y - a +2 shortbow (weapon)
Armour
 b - a +0 ring mail (worn)
 d - a +0 pair of gloves (worn)
Jewellery
 e - a ring of protection from cold (left hand)
Scrolls
 f - a scroll of identify
Potions
 g - a potion of haste
 i - a potion of degeneration {unknown}
 j - a potion of curing

Dungeon Overview and Level Annotations

Branches:
Dungeon (5/15)
 Temple: D:4-7

Altars:


Message History

You shoot an arrow.
The arrow hits the water moccasin but does no damage.
The water moccasin is moderately wounded.
You feel very sick. The water moccasin bites you. The orc barely misses you.
The water moccasin bites you.
You shoot an arrow. The arrow hits the water moccasin.
The water moccasin is heavily wounded.
You feel sick. The water moccasin bites you.
You are more poisoned.
The water moccasin poisons you! The orc closely misses you.
You furiously retaliate!
You headbutt the orc!
You kill the orc!
The worm misses you. The water moccasin bites you.
You are more poisoned.
The water moccasin poisons you!
You shoot an arrow. The arrow hits the water moccasin.
The water moccasin is severely wounded.
You feel extremely sick. The water moccasin closely misses you.
You furiously retaliate!
You headbutt the water moccasin. The water moccasin bites you.
The worm barely misses you. You furiously retaliate!
You headbutt the worm!
3200 ||| DRINKING potion of heal wounds.
You feel much better.
You feel very sick.
The water moccasin bites you but does no damage.
The water moccasin bites you. x2
You are more poisoned.
The water moccasin poisons you!
You shoot an arrow. The arrow hits the water moccasin.
The water moccasin is almost dead.
You feel extremely sick.
The water moccasin completely misses you.
The water moccasin bites you but does no damage.
The worm closely misses you. You furiously retaliate!
You headbutt the worm. The water moccasin bites you.
You are more poisoned.
The water moccasin poisons you!
You shoot an arrow. The arrow misses the water moccasin.
You die...

#.####..........#.#.###
#.#.............'.#...#
#.#.##..........#####.#
#...............'.....#
###.##..........#######
##.#.##...[......#
#..#.##..........#
#.<#.##........Sw#
#..#.##........S@#
#..#..........####
...#..........#
##.#..........#
#.............#
#####.........#
.........######
#######..# ......#..#


You could see 2 water moccasins and a worm.

Vanquished Creatures
  An iguana (D:4)
  2 orc wizards
  Robin (D:2)
  3 gnolls (D:4)
  An adder (D:2)
  4 worms
  A dart slug (D:1)
  9 orcs
  7 endoplasms
  3 giant cockroaches
  13 goblins
  13 hobgoblins
  2 jackals (D:1)
  7 kobolds
  5 quokkas
  6 ball pythons
  3 bats
  4 frilled lizards
  4 rats (D:2)
89 creatures vanquished.

Notes
Turn   | Place    | Note
-------+----------+-------------------------------------------
     0 | D:1      | qw the Minotaur Hunter began the quest for the Orb.
     0 | D:1      | Reached XP level 1. HP: 18/18 MP: 0/0
     0 | D:1      | 0 ||| qw: Version: 0.2-a-120-gdf1a93b
     0 | D:1      | 0 ||| qw: Game counter: 3121
     0 | D:1      | 0 ||| qw: Always use a shield: true
     0 | D:1      | 0 ||| qw: God list: Okawaru
     0 | D:1      | 0 ||| qw: Allow faded altars: false
     0 | D:1      | 0 ||| qw: Do Orc after D:15 true
     0 | D:1      | 0 ||| qw: Do second Lair branch before Depths: true
     0 | D:1      | 0 ||| qw: Lair rune preference: random
     0 | D:1      | 0 ||| qw: Plans: Normal
     0 | D:1      | 0 ||| PLANNING D:1-11
    97 | D:1      | Reached XP level 2. HP: 25/25 MP: 1/1
   103 | D:1      | Reached skill level 5 in Ranged Weapons
   197 | D:1      | Reached skill level 3 in Fighting
   289 | D:1      | Reached XP level 3. HP: 31/31 MP: 2/2
   462 | D:1      | Found a faded altar of an unknown god.
   593 | D:1      | 593 ||| READING scroll labelled ROANKIODGHO.
   594 | D:1      | 594 ||| READING 2 scrolls labelled YSUPPE SOMEWE.
   595 | D:1      | 595 ||| READING 3 scrolls labelled ACKALEONUA.
   596 | D:1      | 596 ||| DROPPING scroll of butterflies.
   597 | D:1      | 597 ||| DROPPING 2 scrolls of blinking.
   614 | D:2      | Noticed Robin
   627 | D:2      | Killed Robin
   643 | D:2      | 643 ||| FLEEEEING.
   644 | D:2      | 644 ||| FLEEEEING.
   646 | D:2      | 646 ||| FLEEEEING.
   647 | D:2      | 647 ||| STAIRDANCE
   876 | D:2      | Reached skill level 6 in Ranged Weapons
   876 | D:2      | Reached XP level 4. HP: 29/38 MP: 3/3
  1406 | D:2      | 1406 ||| UPGRADING to +0 ring mail.
  1416 | D:2      | 1416 ||| DROPPING +0 leather armour.
  1417 | D:2      | 1417 ||| UPGRADING to +0 pair of gloves.
  1422 | D:2      | 1422 ||| READING scroll labelled GEOKHL RAIZOEHUGH.
  1423 | D:2      | 1423 ||| DRINKING 2 white potions.
  1424 | D:2      | 1424 ||| READING 5 scrolls of identify.
  1424 | D:2      | 1424 ||| IDENTIFYING glowing black potion
  1425 | D:2      | 1425 ||| READING 4 scrolls of identify.
  1425 | D:2      | 1425 ||| IDENTIFYING brown potion
  1426 | D:2      | 1426 ||| READING 3 scrolls of identify.
  1426 | D:2      | 1426 ||| IDENTIFYING yellow potion
  1427 | D:2      | 1427 ||| READING 2 scrolls of identify.
  1427 | D:2      | 1427 ||| IDENTIFYING inky potion
  1428 | D:2      | 1428 ||| DROPPING potion of lignification.
  1429 | D:2      | 1429 ||| DROPPING potion of enlightenment.
  1430 | D:2      | 1430 ||| DROPPING potion of magic.
  1431 | D:2      | 1431 ||| DROPPING potion of attraction.
  1545 | D:3      | Reached skill level 1 in Armour
  1963 | D:3      | 1963 ||| FLEEEEING.
  1964 | D:3      | 1964 ||| FLEEEEING.
  1965 | D:3      | 1965 ||| FLEEEEING.
  1966 | D:3      | 1966 ||| FLEEEEING.
  1967 | D:3      | 1967 ||| FLEEEEING.
  1968 | D:3      | 1968 ||| FLEEEEING.
  1969 | D:3      | 1969 ||| FLEEEEING.
  1970 | D:3      | 1970 ||| FLEEEEING.
  1971 | D:3      | 1971 ||| FLEEEEING.
  1972 | D:3      | 1972 ||| FLEEEEING.
  1973 | D:3      | 1973 ||| FLEEEEING.
  1974 | D:3      | 1974 ||| FLEEEEING.
  1975 | D:3      | 1975 ||| FLEEEEING.
  1976 | D:3      | 1976 ||| FLEEEEING.
  1977 | D:3      | 1977 ||| FLEEEEING.
  1978 | D:3      | 1978 ||| FLEEEEING.
  1979 | D:3      | 1979 ||| FLEEEEING.
  1980 | D:3      | 1980 ||| FLEEEEING.
  1981 | D:3      | 1981 ||| STAIRDANCE
  2013 | D:2      | 2013 ||| READING scroll labelled NOIPSO MEAR.
  2014 | D:2      | 2014 ||| READING scroll labelled FAOSYTUVVEI.
  2017 | D:2      | 2017 ||| READING scroll labelled ZEUTU NEAKK.
  2018 | D:2      | 2018 ||| READING scroll labelled ROLORU RUPTAX.
  2061 | D:3      | Reached XP level 5. HP: 46/47 MP: 4/4
  2237 | D:4      | 2237 ||| PLANNING SEWER
  2275 | D:4      | 2275 ||| READING scroll of enchant weapon.
  2275 | D:4      | 2275 ||| ENCHANTING +1 shortbow.
  2849 | D:4      | 2849 ||| RIP SEWER
  2899 | D:4      | 2899 ||| PLANNING D:1-11
  2981 | D:4      | 2981 ||| UPGRADING to ring of protection from cold.
  2982 | D:4      | 2982 ||| READING scroll labelled FYESHR SUWNER.
  2983 | D:4      | 2983 ||| DRINKING 2 viscous inky potions.
  2984 | D:4      | 2984 ||| READING 2 scrolls of identify.
  2984 | D:4      | 2984 ||| IDENTIFYING fuming orange potion
  3192 | D:5      | Entered Level 5 of the Dungeon
  3192 | D:5      | Noticed a water moccasin
  3192 | D:5      | Noticed a water moccasin
  3195 | D:5      | 3195 ||| STAIRDANCE
  3199 | D:4      | HP: 8/47 [water moccasin (4)]
  3200 | D:4      | 3200 ||| DRINKING potion of heal wounds.
  3202 | D:4      | Succumbed to a water moccasin's poison

Levels and vault maps discovered:
D:1:      pf_arrival_petrified_forest, layout_rooms,
          dreamdust_ecumenical_altar_sealed_demon, hex_intersection,
          minmay_tetromino_t4
D:2:      layout_loops_ring, serial_bayou, serial_bayou_pond_a,
          serial_bayou_pond_e, serial_bayou_pond_d, serial_bayou_lake_a,
          grunt_decor_junction, uniq_robin
D:3:      layout_loops_ring, chequers_serial_rivers_marsh,
          chequers_serial_rivers_room_b
D:4:      cheibrodos_old_hovel, layout_basic, cheibrodos_sewer_entry_bend
D:5:      kennysheep_big_flooded_room, layout_loops_corners,
          lemuel_coloured_pillars_altar, slow_altar_2, nicolae_shop_fire_sale
          [nicolae_sub_dead_trees], grunt_ministairs_11

Skill      XL: |  1  2  3  4 |
---------------+-------------+-----
Ranged Weapons | 5 6 |  6.9
Fighting       | 3 4 |  4.3
Armour         | 1 |  1.0
Dodging        | |  2.1
Stealth        | |  0.7

Action                     |  1- 3 |  4- 6 || total
---------------------------+-------+-------++-------
   Fire: Shortbow          |   125 |   160 ||   285
    Use: Scroll            |     3 |    12 ||    15
         Potion            |       |     3 ||     3
 Armour: Leather armour    |    19 |     1 ||    20
         Ring mail         |       |    24 ||    24
  Dodge: Dodged            |    25 |    40 ||    65

Table legend:
 A = Non-vault XP
 B = Vault XP
 C = Vault XP percentage of total XP
 D = Non-vault monster count
 E = Vault monster count
 F = Vault count percentage of total count
                 A         B        C        D         E       F
            +---------+---------+-------+---------+---------+-------
      Total |     255 |      89 |  25.9 |      71 |      18 |  20.2
            +---------+---------+-------+---------+---------+-------
        D:1 |      43 |       6 |  12.2 |      24 |       3 |  11.1
        D:2 |      36 |      34 |  48.6 |      16 |      12 |  42.9
        D:3 |      84 |       0 |   0.0 |      21 |       0 |   0.0
        D:4 |      92 |      49 |  34.8 |      10 |       3 |  23.1
            +---------+---------+-------+---------+---------+-------
